Cogmind - Beta 10.2 @@@ ROGUE MODE // 2021.01.18 @ 15:05:39 Player: WayneKnight Result: Self-destructed Performance ------------- Evolutions (1) 500 Regions Visited (4) 800 Robots Destroyed (42) 210 Value Destroyed (992) 992 Prototype IDs (4) 80 Alien Tech Used (0) 0 Bonus (166) 166 TOTAL SCORE: 2748 Bonus ------- Follower Combat Kills 166 Cogmind --------- Core Integrity 212/400 Matter 215/300 Energy 265/265 System Corruption 0% Temperature Cool (0) Movement Treading (200) Ox2 Location -9/Mines Parts ------- > --- POWER (1) -------- Improved Ion Engine > --- PROPULSION (2) --- Light Treads Light Treads > --- UTILITY (4) ------ Large Storage Unit Large Storage Unit High-capacity Storage Unit Hardened Medium Armor Plating > --- WEAPON (2) ------- Heavy Assault Rifle > --- INVENTORY (24) --- Ion Engine Ion Engine Light Treads Light Treads Light Treads Light Treads Light Treads Light Treads Light Treads Medium Storage Unit Large Storage Unit Improved Sensor Array Hardened Medium Armor Plating Hardened Medium Armor Plating Hardened Medium Armor Plating Hacking Suite Advanced Beam Cannon Assault Rifle Light Assault Rifle Heavy Assault Rifle Heavy Assault Rifle EMP Blaster Datajack Mining Laser Peak State ------------ > --- POWER ------------ Improved Ion Engine > --- PROPULSION ------- Light Treads Light Treads > --- UTILITY ---------- Large Storage Unit Large Storage Unit High-capacity Storage Unit Hardened Medium Armor Plating > --- WEAPON ----------- Heavy Assault Rifle Heavy Assault Rifle > --- INVENTORY -------- Ion Engine Ion Engine Light Treads Light Treads Light Treads Light Treads Light Treads Light Treads Medium Storage Unit Large Storage Unit Improved Sensor Array Light Armor Plating Hardened Medium Armor Plating Hardened Medium Armor Plating Hardened Medium Armor Plating Hacking Suite EM Pulse Gun Small Laser Advanced Beam Cannon Assault Rifle EMP Blaster Rocket Launcher Datajack Mining Laser [Rating: 17] Favorites ----------- Power Ion Engine Engine Ion Engine Propulsion Light Treads Treads Light Treads Leg Aluminum Leg Utility Large Storage Unit Device Disposable Heat Sink Storage Large Storage Unit Protection Hardened Medium Armor Plating Weapon Assault Rifle Energy Gun EM Pulse Gun Ballistic Gun Assault Rifle Launcher Grenade Launcher Build | -11 -10 -10 -9 -9 ------- Run | Scr Mat Min Mat Min Slots Evolved 2 | . . . 2 . Power . | . . . . . Propulsion . | . . . . . Utility 2 | . . . 2 . Weapon . | . . . . . Parts Attached 31 | 3 7 2 18 1 Power 4 | . . . 4 . Engine 4 | . . . 4 . Core . | . . . . . Reactor . | . . . . . Propulsion 8 | 2 . 1 5 . Treads 8 | 2 . 1 5 . Leg . | . . . . . Wheel . | . . . . . Hover . | . . . . . Flight . | . . . . . Utility 11 | 1 4 . 6 . Device 1 | . . . 1 . Storage 7 | 1 4 . 2 . Processor . | . . . . . Hackware . | . . . . . Protection 3 | . . . 3 . Artifact . | . . . . . Weapon 8 | . 3 1 3 1 Energy Gun 2 | . 1 1 . . Energy Cannon . | . . . . . Ballistic Gun 3 | . . . 3 . Ballistic Cannon . | . . . . . Launcher 3 | . 2 . . 1 Special Weapon . | . . . . . Impact Weapon . | . . . . . Slashing Weapon . | . . . . . Piercing Weapon . | . . . . . Special Melee Weapon . | . . . . . Unidentified Prototypes . | . . . . . Parts Lost 3 | . . . 2 1 Power . | . . . . . Propulsion . | . . . . . Utility 1 | . . . 1 . Weapon 2 | . . . 1 1 Highest Loss Streak 2 | . . . 2 1 Average Slot Usage (%) 99 | . 100 100 99 100 Engine 12 | . 14 14 10 11 Treads 24 | . 28 28 21 22 Storage 30 | . 28 28 33 33 Protection 5 | . . . 9 11 Energy Gun 7 | . 10 13 4 . Ballistic Gun 16 | . 14 14 17 21 Naked Turns . | . . . . . Heaviest Build 85 | 17 42 42 85 85 Greatest Support 40 | 40 40 40 40 40 Greatest Overweight (x) 2 | . 1 1 2 2 Average Overweight (x) 1 | . . 1 1 2 Largest Inventory Capacity 24 | 8 16 16 24 24 Average Capacity 18 | 6 11 16 23 24 Most Carried 24 | 6 14 16 24 24 Average Carried 17 | 6 10 15 21 23 Final Capacity 24 | 8 16 16 24 24 Final Carried 24 | 6 14 16 24 24 Class Distribution -------------------- 51% | Hauler-Mutant 48% | Mutant Dominant Class ---------------- Mutant | -10/Materials Mutant | -10/Mines Hauler-Mutant | -9/Materials Hauler-Mutant | -9/Mines Resources | -11 -10 -10 -9 -9 ----------- Run | Scr Mat Min Mat Min Matter Collected 927 | 236 102 47 393 149 Remotely . | . . . . . Salvage Created 1211 | 61 230 . 638 282 Parts 84 | 4 22 2 33 23 Haulers Intercepted 1 | . 1 . . . Recyclers Shooed . | . . . . . Parts Field Recycled . | . . . . . Retrieved Matter . | . . . . . Parts Self-Destructed . | . . . . . Prevented . | . . . . . Kills | -11 -10 -10 -9 -9 ------- Run | Scr Mat Min Mat Min Combat Hostiles Destroyed 36 | . 8 . 13 15 Guns 26 | . 3 . 12 11 AOE 10 | . 5 . 1 4 Classes Destroyed 8 | 1 4 1 2 . Builder 1 | . . 1 . . Hauler 1 | . 1 . . . Recycler 1 | 1 . . . . Watcher 3 | . 2 . 1 . Swarmer 18 | . 6 . . 12 Grunt 13 | . 2 . 9 2 Brawler 2 | . . . 1 1 Sentry 3 | . . . 3 . Best Kill Streak 4 | 1 4 1 3 4 Combat Bots Only 4 | . 3 . 3 4 Max Kills in Single Turn 3 | 1 3 1 1 3 Gunslinging . | . . . . . Exploded 3 | . 3 . 1 3 Melee . | . . . . . Uniques/NPCs Destroyed . | . . . . . Combat | -11 -10 -10 -9 -9 -------- Run | Scr Mat Min Mat Min Damage Taken 1683 | . 398 16 659 610 Core 281 | . 87 6 132 56 Absorbed by Shields . | . . . . . Core Remaining (%) 81 | 100 . 62 . . Volleys Fired 101 | 2 16 . 49 34 Largest 2 | 2 2 . 2 2 Hottest 60 | 60 60 . 60 46 Shots Fired 194 | 4 30 . 97 63 Gun 187 | 4 28 . 97 58 Cannon . | . . . . . Launcher 7 | . 2 . . 5 Special . | . . . . . Kinetic 148 | 2 14 . 74 58 Thermal . | . . . . . Explosive 7 | . 2 . . 5 Electromagnetic 39 | 2 14 . 23 . Robot Hit Streak 15 | 2 6 . 15 8 Robot Miss Streak 5 | 1 2 . 2 5 Penetration Max . | . . . . . Secondary Targets 3 | . 2 . . 1 Max Gunslinging Chain 1 | . 1 . . 1 Shots Hit Robots 135 | 3 19 . 76 37 Core Hits 61 | 2 11 . 24 24 Critical Hits 1 | . . . . 1 Critical Kills 1 | . . . . 1 Critical Parts Destroyed . | . . . . . Melee Attacks . | . . . . . Impact . | . . . . . Slashing . | . . . . . Piercing . | . . . . . Sneak Attacks . | . . . . . Combat Hostiles . | . . . . . Follow-up Attacks . | . . . . . Damage Inflicted 2374 | 37 491 13 1041 792 Guns 1814 | 37 266 . 1011 500 Cannons . | . . . . . Explosions 540 | . 225 . 30 285 Melee . | . . . . . Ramming 20 | . . 13 . 7 Kinetic 1349 | 13 89 . 747 500 Thermal 144 | . 114 . 30 . Explosive 396 | . 111 . . 285 Electromagnetic 465 | 24 177 . 264 . Impact . | . . . . . Slashing . | . . . . . Piercing . | . . . . . Highest Corruption 2 | . 2 2 . . Average Corruption 2 | . 2 2 . . Corruption Purged . | . . . . . Effects 16 | . 10 6 . . Message Errors 6 | . 6 . . . Heat Flow Errors 4 | . 1 3 . . Energy Discharges 4 | . 2 2 . . Data Loss (minor) 2 | . 1 1 . . Overload Shots . | . . . . . Overflow Damage 19 | . . . 19 . Projectiles . | . . . . . Explosions 19 | . . . 19 . Melee . | . . . . . Knockbacks . | . . . . . Impact . | . . . . . Kinetic . | . . . . . Secondary . | . . . . . Self-Inflicted Damage 238 | . 164 . 74 . Shots 4 | . 2 . 2 . Rammed 5 | . . 4 . 1 Targets Rammed 6 | . . 5 . 1 Kicked . | . . . . . Crushed 1 | . . 1 . . Highest Temperature 249 | . 104 249 72 6 Average Temperature 38 | . 30 109 16 3 Received Heat Transfer 291 | . 39 . 240 12 Siege Activations . | . . . . . Robots Corrupted . | . . . . . Combat Hostiles . | . . . . . Parts Fried 1 | . 1 . . . Impact Corruptions . | . . . . . Robots Melted . | . . . . . Combat Hostiles . | . . . . . Parts Melted . | . . . . . Heat Transferred 150 | . 100 . 50 . Parts Sabotaged . | . . . . . Parts Stolen . | . . . . . Parts Stripped . | . . . . . Power Chain Reactions 3 | . 2 . 1 . Missiles Intercepted . | . . . . . Alert | -11 -10 -10 -9 -9 ------- Run | Scr Mat Min Mat Min Peak Influence 188 | 5 147 112 188 185 Initial 57 | . 3 57 39 5 Average 69 | 4 63 73 72 68 Maximum Alert Level . | . . . . . Low Security (%) 100 | 100 100 100 100 100 Level 1 . | . . . . . Level 2 . | . . . . . Level 3 . | . . . . . Level 4 . | . . . . . Level 5 . | . . . . . High Security . | . . . . . Max Security . | . . . . . Squads Dispatched . | . . . . . Investigation . | . . . . . Extermination . | . . . . . Reinforcement . | . . . . . Assault . | . . . . . Garrison . | . . . . . Intercept . | . . . . . Construction Impeded . | . . . . . Haulers Reinforced . | . . . . . Stealth | -11 -10 -10 -9 -9 --------- Run | Scr Mat Min Mat Min Distress Signals 3 | . . 1 2 . Communications Jammed . | . . . . . Distress Signals . | . . . . . Times Spotted 56 | . 8 6 22 20 Peak Tracking Total 4 | . 3 3 3 4 Tactical Retreats 4 | . . . 3 1 Traps | -11 -10 -10 -9 -9 ------- Run | Scr Mat Min Mat Min Traps Triggered 3 | . 2 . 1 . Indirectly . | . . . . . Trap Hack Attempts . | . . . . . Triggered . | . . . . . Disarmed . | . . . . . Reprogrammed . | . . . . . Reused . | . . . . . Traps Extracted . | . . . . . Installed . | . . . . . Triggered . | . . . . . Machines | -11 -10 -10 -9 -9 ---------- Run | Scr Mat Min Mat Min Machines Disabled 5 | . 2 1 2 . Max in Single Turn 2 | . 1 . 2 . Machines Sabotaged . | . . . . . Garrisons Compromised . | . . . . . Overloaded Fab Kills . | . . . . . Fab Network Shutdowns . | . . . . . Hacking | -11 -10 -10 -9 -9 --------- Run | Scr Mat Min Mat Min Machines Accessed 15 | . 8 . 7 . Terminals 13 | . 8 . 5 . Fabricators . | . . . . . Repair Stations 1 | . . . 1 . Recycling Units 1 | . . . 1 . Scanalyzers . | . . . . . Garrison Access . | . . . . . Total Hacks 48 | . 23 . 25 . Successful 33 | . 16 . 17 . Failed 14 | . 6 . 8 . Catastrophic . | . . . . . Database Lockouts 1 | . 1 . . . Manual 23 | . 12 . 11 . Terminals 36 | . 23 . 13 . Fabricators . | . . . . . Repair Stations 11 | . . . 11 . Recycling Units 1 | . . . 1 . Scanalyzers . | . . . . . Garrison Access . | . . . . . Terminal Hacks 11 | . 10 . 1 . Robot Analysis 2 | . 2 . . . Prototype ID Bank 2 | . 2 . . . Branch Access Points 1 | . 1 . . . Unreport Threat 1 | . . . 1 . Locate Traps 2 | . 2 . . . Hauler Manifests 2 | . 2 . . . Zone Layout 1 | . 1 . . . Fabricator Hacks . | . . . . . Repair Station Hacks 10 | . . . 10 . Scan Component 5 | . . . 5 . Repair 5 | . . . 5 . Recycling Unit Hacks 1 | . . . 1 . Report Inventory 1 | . . . 1 . Scanalyzer . | . . . . . Garrison Access Hacks . | . . . . . Unauthorized Hacks 11 | . 6 . 5 . Terminals 11 | . 6 . 5 . Track 5 | . 3 . 2 . Assimilate 1 | . . . 1 . Botnet 3 | . 2 . 1 . Operators 2 | . 1 . 1 . Fabricators . | . . . . . Repair Stations . | . . . . . Recycling Units . | . . . . . Scanalyzers . | . . . . . Garrison Access . | . . . . . Data Cores Recovered . | . . . . . Used . | . . . . . Hacking Detections 13 | . 7 . 6 . Full Trace Events 1 | . . . 1 . Feedback Events . | . . . . . Feedback Blocked . | . . . . . Robot Schematics Acquired . | . . . . . Robots Built . | . . . . . Matter . | . . . . . Time . | . . . . . Total Robot Build Rating . | . . . . . Part Schematics Acquired . | . . . . . Parts Built . | . . . . . Matter . | . . . . . Time . | . . . . . Total Part Build Rating . | . . . . . Parts Repaired 5 | . . . 5 . Time 130 | . . . 130 . Parts Recycled . | . . . . . Recycled Matter . | . . . . . Retrieved Matter . | . . . . . Retrieved Components . | . . . . . Parts Scanalyzed . | . . . . . Part Schematics Acquired . | . . . . . Parts Damaged . | . . . . . Bothacking | -11 -10 -10 -9 -9 ------------ Run | Scr Mat Min Mat Min Used RIF Installer . | . . . . . Robots Hacked . | . . . . . Non-combat . | . . . . . Combat . | . . . . . Robot Hacks Applied . | . . . . . Relay Couplers Released . | . . . . . Robots Rewired . | . . . . . Allies Hacked . | . . . . . Hacks Repelled . | . . . . . Allies | -11 -10 -10 -9 -9 -------- Run | Scr Mat Min Mat Min Total Allies 7 | . . 6 1 . Largest Group 6 | . . 6 3 . Highest-Rated Group 124 | . . 124 63 . Highest-Rated Ally 31 | . . 31 31 . Total Orders . | . . . . . Ally Attacks 34 | . . 28 6 . Total Damage 441 | . . 362 79 . Kills 9 | . . 8 1 . Allies Corrupted . | . . . . . Allies Melted . | . . . . . Intel | -11 -10 -10 -9 -9 ------- Run | Scr Mat Min Mat Min Robot Analysis Total 2 | . 2 . . . Derelict Logs Recovered 2 | . . 1 . 1 Drone Launches . | . . . . . Drone Recoveries . | . . . . . Exploration | -11 -10 -10 -9 -9 ------------- Run | Scr Mat Min Mat Min Turns Passed 4875 | 35 1184 1151 1587 918 Spaces Moved 2033 | 16 621 569 434 393 Core . | . . . . . Treads 2033 | 16 621 569 434 393 Legs . | . . . . . Wheels . | . . . . . Hover . | . . . . . Flight . | . . . . . Fastest Speed 160 | 160 160 180 180 200 Average Speed 180 | 160 164 180 187 200 Slowest Speed 200 | 160 180 180 200 200 Overloaded Moves . | . . . . . Propulsion Burnouts . | . . . . . Robots Hopped . | . . . . . Cave-ins Triggered . | . . . . . Exploration Rate (%) 62 | 3 96 99 39 73 Regions Visited 4 Branch Regions 2 Pre-discovered Areas 1 | . . . . 1 Known Exits Taken 1 | . 1 . . . Unknown Exits Taken 3 | 1 . 1 1 . Scrap Searched 5 | . . 3 . 2 Spaces Dug . | . . . . . Terrain Destroyed 115 | . 34 . 31 50 Melee . | . . . . . Projectile . | . . . . . AOE 115 | . 34 . 31 50 Terrain Rammed . | . . . . . Walls Destroyed . | . . . . . Machines Disabled . | . . . . . Actions | -11 -10 -10 -9 -9 --------- Run | Scr Mat Min Mat Min Total 3040 | 20 753 691 1115 461 Wait 814 | . 88 114 582 30 Move 2029 | 15 620 568 433 393 Hop . | . . . . . Pick Up 34 | . 13 2 18 1 Fast Attach 7 | 1 . . 6 . Attach 2 | . . . 2 . Detach 1 | . . . 1 . Swap 22 | 2 7 2 10 1 Drop 24 | . 9 . 14 1 Fire 101 | 2 16 . 49 34 Melee . | . . . . . Ram . | . . . . . Kick . | . . . . . Crush 6 | . . 5 . 1 Escape Stasis . | . . . . . Rewire . | . . . . . Trap . | . . . . . Miscellaneous . | . . . . . Route ------- -11/Scrapyard -10/Materials (discovered 5 exits: *Mat x3 / *Min x2) -10/Mines (discovered 2 exits: *Mat x2) -9/Materials (discovered 2 exits: *Mat / [*Min]) -9/Mines (discovered 2 exits: *Mat x2) History --------- Turn | Location | Event 10 | -11/Scrapyard | Discovered new exit (range 3) 36 | -11/Scrapyard | Entered Materials 189 | -10/Materials | Discovered new exit (range 10) 306 | -10/Materials | Build established: Mutant 351 | -10/Materials | Discovered new exit (range 14) 397 | -10/Materials | Central database locked down 501 | -10/Materials | Discovered new exit (range 14) 710 | -10/Materials | Discovered new exit (range 16) 859 | -10/Materials | Identified exit to Mines 1019 | -10/Materials | Discovered new exit (range 13) 1220 | -10/Materials | Entered Mines 1240 | -10/Mines | Learned 2 Materials zone layouts 1319 | -10/Mines | Discovered new exit (range 5) 1322 | -10/Mines | Received a Mining Laser from a helpful Derelict 1397 | -10/Mines | Assisted by bots powering up and referring to "LRC-V3" 1776 | -10/Mines | Received a Rocket Launcher from a helpful Derelict 2190 | -10/Mines | Discovered new exit (range 4) 2371 | -10/Mines | Entered Materials 2371 | -9/Materials | Accompanied by 3 allies 2371 | -9/Materials | Evolved 2 slots: Utility x2 2372 | -9/Materials | Identified exit to Materials 2376 | -9/Materials | Led the pair of lost Derelicts to an unsafe place 2681 | -9/Materials | Build established: Hauler-Mutant 3293 | -9/Materials | Repaired Lgt. Treads 3320 | -9/Materials | Repaired Lgt. Treads 3348 | -9/Materials | Repaired Assault Rifle 3385 | -9/Materials | Repaired Lgt. Treads 3412 | -9/Materials | Repaired Lgt. Treads 3643 | -9/Materials | Discovered new exit (range 15) 3958 | -9/Materials | Entered Mines 4006 | -9/Mines | Learned location of Zion (-7) 4166 | -9/Mines | Deemed a non-threat by the Exiles lab entrance 4431 | -9/Mines | Discovered exit to Materials (range 10) 4749 | -9/Mines | Discovered exit to Materials (range 4) 4859 | -9/Mines | Assembled infested the area 4876 | -9/Mines | Self-destructed Last Messages --------------- 04753_ S-10 Pest destroyed. 04786_ Destroyed Lgt. Ion Engine. 04792_ S-10 Pest destroyed. 04798_ Acquired 20 matter. 04802_ Acquired 12 matter. 04810_ Acquired 19 matter. 04812_ Acquired 20 matter. 04824_ Dropped Lgt. Armor Plating. 04825_ Acquired Lgt. Assault Rifle. 04859_ ALERT: Infestation in the mines, dispatching Demolisher response squad. 04864_ C-30 ARC bursts open, deploying its payload. 04864_ S-10 Pest unfolds itself. 04866_ S-10 Pest destroyed. 04869_ C-30 ARC bursts open, deploying its payload. 04869_ D-53 Grenadier unfolds itself. 04870_ S-10 Pest destroyed. 04875_ The unstable cave ceiling collapses. 04875_ U-05 Engineer builds a Wall. 04875_ Rocket Launcher destroyed. Map ----- +----------------------------------------------------+ | | | | | | | | | | | | | | | | | | | | | | | | | ?????????????????????????????????????????????????? | | ?????????????????????????????????????????????????? | | ?????????????????????????????????????????????????? | | ?????????????????????????????????????????????????? | | ?????????????????????????????????????????????????? | | ??????????????#??????????????????????????????????? | | ??????????????# ?????????????????????????????????? | | ??????????????# ##??????????????????????????????? | | ????????????### ??#######???????#######??????? | | ??????????? $ ## ##??????# #??????? | | ??????????? ##?????# #??????? | | ????????????# #?????# #??????? | | ?????????????? a #?????#